groovejumper, chaotic female human Monk --------------- |.............| ------ ^ |..............# #.....| -|---- |.............|# ###|....| |....+ |.............|### # |....| |....| |...*.........|###0########## ### |....| |...)| -|---+---------# ### -------.------- # |....| -.-.-- ############### # |.............-### |....| ### # ##..............| -.---- ## # |.............| # ## # --------------- # ### # ### -.-+---- # # |.......#################### # ---.--- |......| -------.------ |.....| |......+######[####### |............| |.....| ---|--+- # |..@..........## |.....| ##..AVT........| ------- -------------- groovejumper the Student of Waters Experience level: 15 Strength: 18/01 Dexterity: 17 Constitution: 15 Intelligence: 8 Wisdom: 16 Charisma: 9 Health: 0(96) Energy: 47(118) AC: -3 Gold: 0 Moves: 22478 Your Inventory: Weapons z - 9 uncursed [+0] shuriken (in quiver) V - 9 blessed +6 shuriken of fire Armor c - a blessed +5 T-shirt (being worn) d - a blessed +5 robe (being worn) e - an uncursed +0 pair of leather gloves (being worn) g - an uncursed rusty +0 orcish helm (being worn) Scrolls Q - an uncursed scroll of teleportation Rings a - an uncursed ring of regeneration l - a cursed ring of levitation (on right hand) o - an uncursed ring of teleport control t - an uncursed ring of conflict J - an uncursed ring of slow digestion (on left hand) Wands h - an [uncursed] wand of death [0:2] j - a blessed wand of sleep [0:0] r - an uncursed wand of teleportation [0:0] G - an uncursed wand of polymorph [0:4] I - an uncursed wand of digging [0:4] Tools b - a blessed bag named holding [of holding] k - an uncursed lock pick u - an uncursed [+0] unicorn horn w - an uncursed sack B - an uncursed blindfold Gems n - a blessed luckstone Contents of the bag of holding named holding: 10367 gold pieces an uncursed octagonal amulet [of reflection] a cursed spiked amulet [of strangulation] an uncursed square amulet [of ESP] an uncursed square amulet [of ESP] a cursed triangular amulet [of restful sleep] a blessed rustproof [+2] shuriken an uncursed [+0] opera cloak [of displacement] 3 uncursed C-rations 3 uncursed K-rations an uncursed avacado an uncursed candy bar 2 uncursed carrots an uncursed clove of garlic 3 uncursed cram rations 2 uncursed [stale] eggs 27 uncursed food rations an uncursed fortune cookie 3 uncursed lizard corpses an uncursed pancake an uncursed tin [of tiger meat] 2 uncursed tripe rations 3 uncursed scrolls called earth [of earth] a cursed scroll called earth [of earth] a blessed scroll called remove curse [of remove curse] an uncursed scroll called remove curse [of remove curse] an [uncursed] scroll labeled VE FORBRYDERNE [of magic mapping] an uncursed scroll of confuse monster 3 uncursed scrolls of create monster a cursed scroll of create monster an uncursed scroll of destroy armor a blessed scroll of fire 3 uncursed scrolls of food detection an uncursed scroll of gold detection an uncursed scroll of identify an uncursed scroll of light an uncursed scroll of scare monster a cursed scroll of scare monster 2 uncursed scrolls of stinking cloud a blessed scroll of teleportation 3 uncursed scrolls of teleportation 2 blessed unlabeled scrolls [of blank paper] 5 uncursed unlabeled scrolls [of blank paper] an uncursed spellbook of force bolt a blessed spellbook of magic mapping an uncursed spellbook of turn undead an uncursed black potion [of hallucination] 2 uncursed magenta potions [of gain ability] a blessed potion called object detection [of object detection] 2 cursed potions called object detection [of object detection] 2 [uncursed] potions called object detection [of object detection] 5 blessed potions called water [of holy water] 2 uncursed potions called water [of water] a cursed potion called water [of unholy water] an uncursed potion of blindness an uncursed potion of booze an uncursed potion of extra healing 3 uncursed potions of full healing an uncursed potion of healing an uncursed potion of invisibility an uncursed potion of monster detection an uncursed potion of paralysis a cursed potion of paralysis a cursed potion of sickness 2 uncursed potions of speed a blessed puce potion [of fruit juice] 2 uncursed puce potions [of fruit juice] an uncursed ring of cold resistance an uncursed ring of conflict a blessed +1 ring of gain dexterity a cursed -2 ring of increase accuracy an uncursed ring of levitation a cursed ring of polymorph a cursed ring of polymorph a cursed ring of polymorph control an uncursed ring of protection from shape changers an uncursed ring of see invisible a cursed ring of sustain ability an uncursed wand of create monster [0:14] an uncursed wand of create monster [0:14] an uncursed wand of digging [0:7] a cursed wand of digging [0:6] an uncursed wand of magic missile [0:6] an uncursed wand of magic missile [0:5] a cursed wand of magic missile [0:-1] a blessed wand of polymorph [0:6] an uncursed wand of polymorph [0:6] an uncursed wand of polymorph [0:5] an uncursed wand of secret door detection [0:10] an uncursed wand of speed monster [0:4] an uncursed wand of striking [0:0] an uncursed wand of striking [0:1] an uncursed wand of striking [0:6] an uncursed wand of striking [0:0] an uncursed wand of teleportation [0:1] an uncursed wand of teleportation [0:8] an uncursed can of grease [0:5] an uncursed credit card a cursed key [skeleton key] an uncursed looking glass [mirror] an uncursed pair of lenses an uncursed stethoscope an uncursed tinning kit [0:73] an [uncursed] tinning kit [0:56] an uncursed towel an [uncursed +0] unicorn horn Contents of the sack: a cursed black wand [of cancellation (0:3)] an uncursed forked wand [of opening (0:4)] an uncursed forked wand [of opening (1:4)] an uncursed runed wand [of locking (2:13)] an uncursed tin wand [of undead turning (0:7)] an uncursed tin wand [of undead turning (0:4)] an uncursed wand called cancellation or make inv [of make invisible (0:4)] an uncursed wand called cancellation or make inv [of make invisible (0:4)] an uncursed wand called cancellation or make inv [of make invisible (1:0)] Spells known in the end: Name Level Category Fail Memory a - healing 1* healing 0% [........] b - create monster 2 clerical 0% [||||||..] c - protection 1 clerical 0% [||||||..] d - extra healing 3 healing 0% [||||||..] e - confuse monster 2 enchantment 0% [||||||..] f - detect food 2 divination 0% [||||||..] g - force bolt 1 attack 0% [||||||..] h - magic mapping 5 divination 92% [||||||..] i - knock 1 matter 0% [||||||..] j - turn undead 6 clerical 92% [||||||||] Your skills at the end: Fighting Skills martial arts [Master / Grand Master] Weapon Skills shuriken [Basic / Expert] Spellcasting Skills healing spells [Skilled / Expert] Final Attributes: You were piously aligned. Hunger level was 332. Your alignment was 122 / 122. Monster difficulty range was 3 - 18. Level difficulty was 21. You were immune to fire. You were immune to cold. You were immune to sleep. You were immune to electricity. You were immune to poison. You were blinded. You saw invisible. You were telepathic. You were warned. You had automatic searching. You were stealthy. You could teleport. You were levitating. You had slower digestion. You were fast. You were very lucky (8). You had extra luck. Good luck did not time out for you. You are dead (3rd time!). Vanquished creatures: Medusa a titan a purple worm 2 stone golems a trapper a baby sirrush a baby gold dragon a disenchanter a vampire lord Aphrodite a lurker above an ettin a golden naga a vampire 13 ghosts 2 queen bees a winged gargoyle 2 giant mimics a zruty a fire giant a flesh golem a doppelganger a long worm an air elemental 2 fire elementals 4 giant zombies an elf-lord 10 wargs a small mimic a glass piercer a rodent of unusual size a xan an ettin mummy 3 quantum mechanics 3 trolls a sasquatch a giant turtle 2 gelatinous cubes a pyrolisk a large dog 2 freezing spheres a flaming sphere a shocking sphere a large cat a tiger a gargoyle a dwarf king 2 tengu an ochre jelly 2 leocrottas 2 stone giants an elf mummy a human mummy 2 pit vipers a python a cobra 10 wraiths 11 ettin zombies 4 soldiers 3 horned devils a succubus an incubus a crocodile 3 giant beetles 3 quivering blobs 5 cockatrices 4 wolves 3 winter wolf cubs a lynx 2 panthers a spotted jelly 18 leprechauns 3 orc-captains 4 iron piercers a giant spider a scorpion 3 horses an ice vortex 2 black lights 3 vampire bats 2 forest centaurs 3 gnome kings 2 orc mummies 3 dwarf mummies a brown pudding a rust monster 4 owlbears a werewolf a giant eel 4 lizards 2 dogs a dingo 2 jaguars 2 blue jellies a white unicorn a gray unicorn 4 dust vortices a raven a plains centaur 3 gnome mummies 2 snakes 2 human zombies a rope golem 5 soldier ants a fire ant 12 bugbears a lemure a quasit 8 wood nymphs 14 water nymphs 7 mountain nymphs 35 Mordor orcs 8 Uruk-hai 5 orc shamans 3 rock piercers 6 enormous rats 3 rock moles 2 ponies 2 fog clouds 3 yellow lights a shrieker a violet fungus 16 gnome lords 3 gnomish wizards 5 kobold mummies 8 elf zombies 2 ghouls a straw golem 2 paper golems 13 giant ants 4 little dogs 6 floating eyes 5 kittens 11 dwarves a kobold lord a kobold shaman 24 hill orcs 9 rothes a centipede 10 giant bats a monkey 15 orc zombies 9 dwarf zombies 2 wererats 4 muggers 15 iguanas 50 killer bees 7 acid blobs 2 coyotes 2 gas spores 9 hobbits 2 large kobolds 16 hobgoblins 9 giant rats 15 cave spiders 3 brown molds 5 yellow molds 5 green molds 2 red molds 57 gnomes 14 garter snakes 6 gnome zombies 12 geckos 9 jackals 8 foxes 2 kobolds 21 goblins 5 sewer rats 8 grid bugs 10 bats 11 lichens 7 kobold zombies 11 newts 822 creatures vanquished. Voluntary challenges: You pretended to be a vegetarian. You never hit with a wielded weapon. You read items or engraved 70 times. You put on armor 46 times. You never genocided any monsters. You polymorphed 270 items. You never changed form. You used no wishes. You wrote Elbereth's name 27 times. You encountered 1 bones level. You used 1 Sokoban shortcut. Dungeon overview: The Dungeons of Doom: levels 1 to 22 Level 1 a fountain a long staircase Level 2 an altar to Huan Ti Level 3 a general store stairs to The Gnomish Mines Level 4 a fountain Level 5 some fountains Level 6 a throne stairs to Sokoban Level 7 a general store, a fountain stairs to Town Level 8 a throne Level 9 some fountains Level 10 some fountains Level 12 portal to The Quest Level 14 a fountain, a sink Level 15 a fountain, a sink Level 16 a fountain Level 18 a tree Level 20 an altar, a sink, a throne Level 21 <- You were here Level 22 portal to One-eyed Sam's Market The Gnomish Mines: levels 4 to 11 Level 4 stairs to The Dungeons of Doom Level 6 many shops, a temple to Huan Ti, a magic chest, some fountains Level 11 a fountain The Quest: Level 1 portal to The Dungeons of Doom Sokoban: levels 3 to 5 Level 5 a magic chest stairs to The Dungeons of Doom Town: levels 4 to 6 Level 4 many shops, some fountains, a sink Level 5 many fountains, many trees Level 6 stairs to The Dungeons of Doom One-eyed Sam's Market: Level 1 portal to The Dungeons of Doom History has recorded: On T:1 you entered the Dungeons of Doom to retrieve the Amulet of Yendor! On T:272 you reached level 2 of The Dungeons of Doom. On T:319 you advanced to experience level 2. On T:614 you advanced to experience level 3. On T:1917 you advanced to experience level 4. On T:2427 you advanced to experience level 5. On T:3192 you advanced to experience level 6. On T:4164 you reached level 3 of The Dungeons of Doom. On T:4224 you advanced to experience level 7. On T:4342 you reached level 4 of The Dungeons of Doom. On T:5034 you received a fireproof staff of warning from Huan Ti. On T:5223 you received a rustproof spear of searching from Huan Ti. On T:6096 you reached level 5 of The Dungeons of Doom. On T:6132 you advanced to experience level 8. On T:6690 you reached level 6 of The Dungeons of Doom. On T:6982 you reached level 3 of Sokoban. On T:7397 you reached level 2 of Sokoban. On T:7730 you advanced to experience level 9. On T:7738 you reached level 1 of Sokoban. On T:8905 you received advice from The Oracle. On T:9851 you reached level 7 of The Dungeons of Doom. On T:10024 you reached level 3 of Town. On T:10323 you reached level 8 of The Dungeons of Doom. On T:10693 you reached level 9 of The Dungeons of Doom. On T:10695 you advanced to experience level 10. On T:11784 you reached level 1 of The Gnomish Mines. On T:11918 you reached level 3 of The Gnomish Mines. On T:11921 you reached level 2 of The Gnomish Mines. On T:12569 you reached level 4 of The Gnomish Mines. On T:12712 you received Ogresmasher from Huan Ti. On T:12853 you received Orcrist from Huan Ti. On T:13229 you advanced to experience level 11. On T:13267 you received Trollsbane from Huan Ti. On T:13835 you reached level 6 of The Gnomish Mines. On T:13937 you reached level 5 of The Gnomish Mines. On T:14018 you reached level 7 of The Gnomish Mines. On T:14346 you reached level 8 of The Gnomish Mines. On T:16536 you reached level 2 of Town. On T:16728 you killed Aphrodite on level 2 of Town. On T:16960 you reached level 1 of Town. On T:17432 you reached level 10 of The Dungeons of Doom. On T:17469 you advanced to experience level 12. On T:17782 you reached level 11 of The Dungeons of Doom. On T:18030 you reached level 12 of The Dungeons of Doom. On T:18417 you reached level 1 of The Quest. On T:18454 you reached level 13 of The Dungeons of Doom. On T:18741 you reached level 14 of The Dungeons of Doom. On T:18745 you advanced to experience level 13. On T:19093 you reached level 15 of The Dungeons of Doom. On T:19495 you reached level 16 of The Dungeons of Doom. On T:19891 you reached level 17 of The Dungeons of Doom. On T:20246 you reached level 18 of The Dungeons of Doom. On T:20631 you reached level 19 of The Dungeons of Doom. On T:20980 you advanced to experience level 14. On T:21010 you reached level 20 of The Dungeons of Doom. On T:21373 you were saved from death by your amulet of life saving! On T:21487 you were saved from death by your amulet of life saving! On T:21919 you reached level 21 of The Dungeons of Doom. On T:22012 you reached level 22 of The Dungeons of Doom. On T:22258 you reached level 1 of One-eyed Sam's Market. On T:22329 you advanced to experience level 15. On T:22377 you killed Medusa on level 22 of The Dungeons of Doom. Latest messages: You can see again. You feel much better. [HP+42=71] The Olog-hai thrusts his hilted polearm. The Olog-hai hits! (2x) The Olog-hai bites! [HP-17=54] The master mind flayer zaps a wand of lightning! The bolt of lightning hits you! You are unharmed! You are blinded by the flash! The bolt of lightning bounces! The Olog-hai hits! (2x) The Olog-hai just misses! The invisible master lich touches you! The invisible master lich casts a spell at you! Your boots disintegrate! [HP-19=35] The Olog-hai hits! (2x) The Olog-hai bites! The couatl bites! You die... Final status: Punardarsanaya groovejumper the Monk... You died in The Dungeons of Doom on dungeon level 21 with 104835 points, and 10367 pieces of gold, after 22478 moves. You were level 15 with a maximum of 96 hit points when you died.